 Dungeon Crawl Stone Soup version bcrawl-1.40.3b (webtiles) character file.

Game seed: 16199832813861517805

442665 Returnofthet the Thaumaturge (level 12, -12/133 HPs)
             Began as an Ent Skald on Jan 8, 2024.
             Was a Priest of Ashenzari.
             Killed from afar by a molten gargoyle (28 damage)
             ... with a bolt of magma
             ... in a Gauntlet on Jan 12, 2024.
             The game lasted 00:48:15 (11054 turns).

Returnofthet the Thaumaturge (Ent Skald)           Turns: 11054, Time: 00:48:15

Health: -12/133    AC: 20    Str: 23    XL:     12   Next: 21%
Magic:  29/29      EV: 10    Int: 15    God:    Ashenzari [***...]
Gold:   819        SH:  6    Dex:  9    Spells: 25/37 levels left

rFire    . . .     GDR:     30% C - +7 dire flail (curse)
rCold    + . .     SeeInvis +   (no shield)
rNeg     + + +     Gourm    .   (armour unavailable)
rPois    +         Faith    .   (helmet restricted)
rElec    .         Spirit   .   b - +0 cloak
rCorr    .         Reflect  .   (gloves unavailable)
MR       +....     NoTele   +   (boots unavailable)
Stlth    +.........             c - amulet of magic regeneration
HPRegen  0.32/turn              o - ring of protection from cold
MPRegen  0.47/turn              (no ring)

@: singing (expiring), very slow
A: large, slow actions, passwall, strong branches, negative energy resistance 3,
poison resistance, slow metabolism 1, torment resistance, unbreathing, AC +19
a: Passwall, Curse Item, Scrying, Renounce Religion


You were in a Gauntlet.
You worshipped Ashenzari.
Ashenzari was most pleased with you.
You were near starving.

You visited 3 branches of the dungeon, and saw 13 of its levels.
You also visited: Gauntlet.

You collected 819 gold pieces.

Inventory:

Hand Weapons
 w - a +3 quarterstaff of chaos
 C - a cursed +7 dire flail (weapon)
Missiles
 k - 2365 stones
 s - 4 throwing nets {=f}
 v - 286 poisoned tomahawks (quivered)
 F - 38 large rocks
Armour
 b - a +0 cloak (worn)
 h - a +0 medium shield
Jewellery
 c - an amulet of magic regeneration (around neck)
 o - a ring of protection from cold (left hand)
 t - the cursed amulet of Vision {SInv *Curse}
   (You found it in the Ecumenical Temple)

   [amulet of nothing]

   It lets you see invisible.
   It curses itself when equipped.
   It has a curse placed upon it.
 J - the ring of the Bouncing Dreams {Fire Int+4}
   (You found it on level 2 of the Lair of Beasts)

   [ring of fire]

   It enhances your fire magic.
   It affects your intelligence (+4).
   It protects you from fire.
   It makes you vulnerable to cold.
Wands
 x - a wand of random effects (16)
 z - a wand of scattershot (7)
 K - a wand of digging (10)
Scrolls
 d - a scroll of fear
 f - a scroll of teleportation
 i - 4 scrolls of identify
 n - 3 scrolls of blinking
 p - 2 scrolls of revelation
 r - 2 scrolls of summoning {unknown}
 y - 5 scrolls of remove curse
 B - a scroll of immolation {unknown}
 D - a scroll of amnesia
 E - 2 scrolls of enchant weapon
 G - 2 scrolls of enchant armour
 H - 3 scrolls of fog
Potions
 a - a potion of agility
 g - a potion of flight {unknown}
 j - 6 potions of curing
 l - a potion of cancellation
 m - 3 potions of brilliance
 q - 2 potions of heal wounds
 u - a potion of resistance
 A - 3 potions of mutation
 I - a potion of ambrosia {unknown}
 L - a potion of haste {unknown}
Comestibles
 e - 29 rations {!d}


   Skills:
 * Level 9.2(10.5) Fighting
 + Level 8.4(10.3) Maces & Flails
 + Level 4.3(7.3) Staves
 - Level 2.3(3.5) Dodging
 * Level 4.1(5.6) Shields
 * Level 13.1(14.2) Spellcasting
 + Level 4.1(5.4) Hexes
 + Level 9.0(10.3) Charms
 + Level 3.2(4.5) Ice Magic
   Level 0.2(0.6) Air Magic


You had 25 spell levels left.
You knew the following spells:

 Your Spells              Type           Power        Failure   Level  Hunger
a - Infusion              Chrm           #####...     1%          1    None
b - Song of Slaying       Chrm           #####...     1%          2    None
d - Spectral Weapon       Hex/Chrm       ####....     1%          3    None
e - Ozocubu's Armour      Chrm/Ice       ####....     1%          3    None
f - Regeneration          Chrm/Necr      ####......   2%          3    None

Your spell library contained the following spells:

 Spells                   Type           Power        Failure   Level  Hunger
 Swiftness                Chrm/Air       ####....     1%          2    None
 Sticks to Snakes         Tmut           ##......     10%         2    None
 Beastly Appendage        Tmut           Unusable     N/A         1    N/A
 Passwall                 Tmut/Erth      Unusable     N/A         2    N/A
 Spider Form              Tmut/Pois      Unusable     N/A         3    N/A
 Ice Form                 Ice/Tmut       Unusable     N/A         4    N/A
 Blade Hands              Tmut           Unusable     N/A         5    N/A

Dungeon Overview and Level Annotations

Branches:
Dungeon (9/12)             Temple (1/1) D:5            Lair (3/6) D:9
  Swamp (0/3) Lair:2       Shoals (0/3) Lair:2
    Orc: D:8-11

Altars:
Ashenzari
Cheibriados
Dithmenos
Elyvilon
Fedhas
Gozag
Hepliaklqana
Lugonu
Makhleb
Nemelex Xobeh
Okawaru
Qazlal
Ru
Sif Muna
Trog
Uskayaw
Vehumet
Wu Jian
Xom
Yredelemnul
Zin
The Shining One

Shops:
D:6 :   D:9 *

Annotations:
Gauntlet 8 transporters


Innate Abilities, Weirdness & Mutations

You move and act slowly.
You can pass through walls and trees.
Your branches can wield two-handed weapons with a shield.
Your thick bark is tough. (AC +19)
You are too large for most types of armour.
You are immune to negative energy. (rN+++)
Your system is resistant to poisons. (rPois)
You have a slow metabolism.
You are immune to unholy pain and torment.
You can survive without breathing.


Message History

The bolt of magma hits you!
* * * LOW HITPOINT WARNING * * *
The catoblepas breathes a plume of calcifying dust at you.
The blast of calcifying dust hits you but does no damage.
Your song is almost over.
The molten gargoyle barely misses you. The catoblepas gores you!
* * * LOW HITPOINT WARNING * * *
The molten gargoyle misses you.
You barely miss the molten gargoyle.
The molten gargoyle is severely damaged.
The catoblepas gores you.
* * * LOW HITPOINT WARNING * * *
The molten gargoyle blasts magma at you!
The bolt of magma misses you.
You hit the molten gargoyle.
The molten gargoyle is almost destroyed.
The catoblepas barely misses you.
The molten gargoyle blasts magma at you!
The bolt of magma hits you!!
You die...

* ########################
,,........∩.............8#
.©.............§.......#
#######...###########..#
,......#...#....Y....#..#
..##.#...#§#.....#.#..#
#.#.###.#h#...#§##.§.##.#..#
#..##.##hh#...#§@##.##..#..#
#....©...h#.∩.#Y9.)©....#..#
#..##.##yh#...#..#####..#..#
#.#.###.#h#...#.##...##.#..#
#.##...##.#...#.#.....#.#..#
#...[©.[..#...#...(©=(..#..#
###########...###########..#
.....©#..........#.©.#.....#
#######..........#...#....8#


You could see a catoblepas, a molten gargoyle and 5 wolves.

Vanquished Creatures
  A hydra (Lair:2)
  Psyche (D:8)
  3 two-headed ogres
  The ghost of tronn the Covert, a novice OpAc of Ashenzari (D:9)
  2 centaur warriors (D:9)
  A swamp dragon (Lair:2)
  Joseph (D:8)
  2 gargoyles (Gauntlet)
  2 cane toads (Lair:1)
  3 komodo dragons
  An eye of draining (D:9)
  A troll (D:7)
  Grinder (D:5)
  The ghost of Gatewing the Chopper, an amateur DsGl (D:3)
  A hippogriff (D:8)
  A snapping turtle (Lair:2)
  A wyvern (Lair:1)
  8 yaks
  5 basilisks
  Eustachio (D:4)
  A hungry ghost (D:8)
  5 crocodiles
  3 water moccasins
  2 ice beasts
  6 porcupines
  A hornet zombie (D:9)
  5 orc warriors
  4 sky beasts
  A phantom (D:7)
  7 ogres
  4 wolves (Lair:2)
  9 bullfrogs
  A kobold brigand (D:6)
  A wyvern skeleton (D:7)
  12 killer bees
  6 scorpions
  5 wights (D:7)
  4 orc priests
  2 crimson imps
  A quasit (D:8)
  4 jellies
  A bullfrog zombie (D:7)
  3 bullfrog skeletons
  Crazy Yiuf (D:2)
  A hound (D:4)
  3 iguanas
  2 orc wizards
  8 worker ants
  A hound zombie (D:8)
  2 hound skeletons (D:6)
  12 adders
  12 gnolls
  3 shadow imps
  An ooze (D:1)
  2 adder zombies
  2 adder skeletons
  4 worms
  A dart slug (D:3)
  8 leopard geckos
  32 orcs
  4 bats
  3 giant cockroaches
  2 hobgoblins (D:3)
  6 jackals
  13 kobolds
  A quokka (D:5)
  2 ball pythons (D:1)
  5 frilled lizards
  6 goblins
  6 rats
269 creatures vanquished.

Vanquished Creatures (others)
  3 fungi
  9 plants
  4 spectral weapons
16 creatures vanquished.

Grand Total: 285 creatures vanquished

Notes
Turn   | Place    | Note
-------+----------+-------------------------------------------
     0 | D:1      | Returnofthet the Ent Skald began the quest for the Orb.
     0 | D:1      | Reached XP level 1. HP: 22/22 MP: 3/3
   107 | D:1      | Reached XP level 2. HP: 15/30 MP: 3/5
   144 | D:1      | Learned a level 2 spell: Song of Slaying
   486 | D:1      | Reached skill level 3 in Spellcasting
   621 | D:1      | Reached XP level 3. HP: 37/39 MP: 3/7
  1074 | D:2      | Found a runed door.
  1156 | D:2      | Learned a level 2 spell: Swiftness
  1173 | D:2      | Learned a level 3 spell: Spectral Weapon
  1536 | D:2      | Reached XP level 4. HP: 49/49 MP: 9/9
  1706 | D:3      | Reached skill level 4 in Spellcasting
  1825 | D:3      | Reached XP level 5. HP: 44/58 MP: 9/12
  1876 | D:3      | Noticed an ogre
  1881 | D:3      | Killed an ogre
  1882 | D:3      | Reached skill level 5 in Spellcasting
  1908 | D:3      | Reached XP level 6. HP: 64/67 MP: 10/14
  1969 | D:3      | Learned a level 3 spell: Ozocubu's Armour
  2066 | D:3      | Found a faded altar of an unknown god.
  2236 | D:3      | Found a runed translucent door.
  2236 | D:3      | Noticed Gatewing's ghost (amateur DsGl)
  2371 | D:4      | Reached skill level 6 in Spellcasting
  2602 | D:4      | Reached XP level 7. HP: 74/77 MP: 15/17
  2668 | D:4      | Reached skill level 7 in Spellcasting
  2668 | D:4      | Reached skill level 1 in Hexes
  2673 | D:4      | Reached skill level 5 in Fighting
  2684 | D:4      | Noticed Eustachio
  2705 | D:4      | Killed Eustachio
  2767 | D:4      | Learned a level 3 spell: Regeneration
  2979 | D:4      | Found a sparkling altar of Nemelex Xobeh.
  2979 | D:4      | Found a bloodstained altar of Trog.
  3358 | D:2      | Noticed Crazy Yiuf
  3365 | D:2      | Killed Crazy Yiuf
  3459 | D:3      | Killed Gatewing's ghost
  3460 | D:3      | Reached skill level 8 in Spellcasting
  3460 | D:3      | Reached XP level 8. HP: 82/88 MP: 8/20
  3543 | D:5      | Entered Level 5 of the Dungeon
  3560 | D:5      | Found a staircase to the Ecumenical Temple.
  3569 | Temple   | Entered the Ecumenical Temple
  3817 | Temple   | Became a worshipper of Ashenzari the Shackled
  3818 | Temple   | Found the cursed amulet of Vision {SInv *Curse}
  4158 | D:5      | Noticed Grinder
  4163 | D:5      | Killed Grinder
  4164 | D:5      | Reached skill level 1 in Staves
  4169 | D:5      | Found a snail-covered altar of Cheibriados.
  4953 | D:6      | Found a sacrificial altar of Ru.
  5111 | D:6      | Reached skill level 1 in Ice Magic
  5121 | D:6      | Found a blossoming altar of Fedhas.
  5127 | D:6      | Reached skill level 9 in Spellcasting
  5127 | D:6      | Reached skill level 5 in Charms
  5176 | D:6      | Found Vyorroill's Book Emporium.
  5178 | D:6      | Reached XP level 9. HP: 96/96 MP: 20/22
  5662 | D:7      | Noticed a troll
  5667 | D:7      | Killed a troll
  5691 | D:7      | Reached * piety under Ashenzari
  5787 | D:7      | Reached skill level 10 in Spellcasting
  6720 | D:8      | Noticed a two-headed ogre
  6731 | D:8      | Killed a two-headed ogre
  6732 | D:8      | Reached skill level 11 in Spellcasting
  6732 | D:8      | Reached XP level 10. HP: 49/110 MP: 11/25
  7218 | D:8      | Noticed Psyche
  7226 | D:8      | Killed Psyche
  7227 | D:8      | Reached skill level 1 in Shields
  7421 | D:8      | Noticed Joseph
  7430 | D:8      | Killed Joseph
  7537 | D:9      | Reached ** piety under Ashenzari
  7591 | D:9      | Noticed a centaur warrior
  7608 | D:9      | Killed a centaur warrior
  7779 | D:9      | Found a staircase to the Lair.
  7827 | D:9      | Reached skill level 5 in Maces & Flails
  7858 | D:9      | Reached XP level 11. HP: 106/120 MP: 26/26
  7995 | D:9      | Reached skill level 12 in Spellcasting
  8003 | D:9      | Noticed a two-headed ogre
  8008 | D:9      | Killed a two-headed ogre
  8116 | D:9      | Found Qivuh's Blasphemy Boutique.
  8116 | D:9      | Found a burning altar of Makhleb.
  8137 | D:9      | Noticed a two-headed ogre
  8144 | D:9      | Killed a two-headed ogre
  8395 | D:9      | Noticed a centaur warrior
  8413 | D:9      | Killed a centaur warrior
  8923 | D:9      | Found a runed translucent gate.
  8924 | D:9      | Found a runed translucent gate.
  8925 | D:9      | Found a runed translucent gate.
  8926 | D:9      | Noticed tronn's ghost (novice OpAc)
  8977 | D:9      | Killed tronn's ghost
  9057 | Lair:1   | Entered Level 1 of the Lair of Beasts
  9567 | Lair:1   | Reached *** piety under Ashenzari
  9916 | Lair:2   | Noticed a swamp dragon
  9917 | Lair:2   | Found a staircase to the Swamp.
  9922 | Lair:2   | Killed a swamp dragon
  9962 | Lair:2   | Reached XP level 12. HP: 122/133 MP: 28/28
  9966 | Lair:2   | Reached skill level 13 in Spellcasting
 10010 | Lair:2   | Identified the ring of the Bouncing Dreams {Fire Int+4}
 10512 | Lair:2   | Noticed an eight-headed hydra
 10515 | Lair:2   | Killed an eight-headed hydra
 10679 | Lair:2   | Found a staircase to the Shoals.
 10860 | Lair:3   | Found a gate leading to a gauntlet.
 10869 | Gauntlet | Entered a Gauntlet
 10869 | Gauntlet | Found a transporter.
 10869 | Gauntlet | Found a transporter.
 10873 | Gauntlet | Found a transporter.
 10878 | Gauntlet | Found a transporter.
 10879 | Gauntlet | Found a transporter.
 10879 | Gauntlet | Found a transporter.
 10880 | Gauntlet | Noticed a catoblepas
 10896 | Gauntlet | Found a transporter.
 10896 | Gauntlet | Found a transporter.
 10919 | Gauntlet | Identified the ring of Fanaticism {*Corrode MP+9 Int+9
                  | Stlth-}
 10966 | Gauntlet | Noticed a hell beast
 10967 | Gauntlet | Found a transporter.
 10968 | Gauntlet | Identified the +5 whip "Saock" {flame, MR++ Int+4 Dex+4
                  | Stlth-}
 11054 | Gauntlet | Killed from afar by a molten gargoyle

Skill      XL: |  1  2  3  4  5  6  7  8  9 10 11 12 |
---------------+-------------------------------------+-----
Spellcasting   | 3 4 5 6 8 9 11 12 13 | 13.1
Fighting       | 3 4 5 6 7 8 9 |  9.2
Hexes          | 1 2 3 4 |  4.1
Charms         | 5 7 8 9 |  9.0
Staves         | 2 4 |  4.3
Ice Magic      | 1 2 3 |  3.2
Maces & Flails | 5 7 8 |  8.4
Shields        | 2 3 4 |  4.1
Dodging        | |  2.3
Air Magic      | |  0.2

Action                   |  1- 3 |  4- 6 |  7- 9 | 10-12 || total
-------------------------+-------+-------+-------+-------++-------
Melee: Flail             |   144 |   100 |    29 |       ||   273
       Giant club        |       |     9 |       |       ||     9
       Quarterstaff      |       |       |   107 |       ||   107
       Dire flail        |       |       |    48 |   267 ||   315
Throw: Stone             |       |    13 |     7 |     8 ||    28
 Cast: Infusion          |    12 |     2 |    20 |     3 ||    37
       Song of Slaying   |    14 |    11 |    22 |    15 ||    62
       Swiftness         |     2 |     2 |       |       ||     4
       Spectral Weapon   |     1 |    11 |    12 |    32 ||    56
       Ozocubu's Armour  |       |     1 |    30 |    27 ||    58
       Regeneration      |       |       |     4 |       ||     4
Invok: Curse Item        |       |       |       |     1 ||     1
  Use: Scroll            |     4 |     5 |     7 |     2 ||    18
       Potion            |       |       |       |     1 ||     1
 Stab: Invisible         |       |       |       |     1 ||     1
       Distracted        |       |       |       |     1 ||     1
  Eat: Chunk             |     7 |     9 |    14 |    16 ||    46
       Ration            |       |       |     2 |     1 ||     3
Armor: Skin              |   104 |    78 |   172 |   178 ||   532
Dodge: Dodged            |   125 |   103 |   159 |   162 ||   549
Block: Other             |     8 |    31 |    39 |    34 ||   112
       Medium shield     |       |       |       |     8 ||     8
